APL (24 & UNDER)
SAVANNAH HOGS @ DETROIT DIRTY SNOW
06/29/2029
 
TOP OF THE 1ST
Savannah Hogs batting - Pitching for Detroit Dirty Snow : RHP Ánibal Medina
Pitching: RHP Ánibal Medina
Batting: RHB Ramón Gómez 0-0: Called Strike
0-1: Ball
1-1: Ball
2-1: Ball
3-1: Base on Balls
Batting: RHB Guillermo González 0-0: Ball
1-0: Fly out, F8 (Flyball, 8RM)
Batting: LHB Alberto Castellanos 0-0: Ball
1-0: Ball
2-0: Ball
3-0: Called Strike
3-1: Base on Balls
Ramón Gómez to second
Batting: RHB Pedro Zavala 0-0: Called Strike
Ramón Gómez steals 3rd base
Alberto Castellanos to second
0-1: Ball
1-1: Foul Ball, location: 2F
1-2: Foul Ball, location: 2F
1-2: DOUBLE (Flyball, 89D)
Ramón Gómez scores
Alberto Castellanos scores
Batting: RHB Jorge Chávez 0-0: Foul Ball, location: 2F
0-1: DOUBLE (Groundball, 5L)
Pedro Zavala scores
Batting: LHB António Gutiérrez 0-0: Called Strike
0-1: Fly out, F4 (Line Drive, 4M)
Batting: RHB Rick Holman 0-0: Fly out, F7 (Flyball, 7S)
Top of the 1st over - 3 runs, 2 hits, 0 errors, 1 left on base; Savannah 3 - Detroit 0
BOTTOM OF THE 1ST
Detroit Dirty Snow batting - Pitching for Savannah Hogs : LHP Tomás Prieto
Pitching: LHP Tomás Prieto
Batting: RHB Kelsey Scott 0-0: Called Strike
0-1: Called Strike
0-2: Strikes out swinging
Batting: LHB Francisco Medina 0-0: Ball
1-0: Swinging Strike
1-1: Ball
2-1: Foul Ball, location: 2F
2-2: Fly out, F8 (Flyball, 8LS)
Batting: RHB Guo-liang Lian 0-0: Hit by Pitch
Batting: LHB Luis Salazar 0-0: Called Strike
0-1: Ball
1-1: Ball
2-1: Ball
3-1: Fly out, F7 (Flyball, 7D)
Bottom of the 1st over - 0 runs, 0 hits, 0 errors, 1 left on base; Savannah 3 - Detroit 0
TOP OF THE 2ND
Savannah Hogs batting - Pitching for Detroit Dirty Snow : RHP Ánibal Medina
Batting: SHB Juan Chávez 0-0: Ball
1-0: Ball
2-0: Called Strike
2-1: Ball
3-1: SINGLE (Groundball, 4MD)
Batting: RHB José Ramos 0-0: Ball
1-0: Ball
2-0: Ball
3-0: Base on Balls
Juan Chávez to second
Batting: RHB Ramón Gómez 0-0: Ball
1-0: Ball
2-0: Ball
3-0: Base on Balls
Juan Chávez to third
José Ramos to second
Batting: RHB Guillermo González 0-0: Ball
1-0: Reached on error, E6 (Groundball, 6M)
Juan Chávez scores
José Ramos to third
Ramón Gómez to second
Batting: LHB Alberto Castellanos 0-0: Called Strike
0-1: Ball
1-1: Fly out, F7 (Flyball, 7)
Batting: RHB Pedro Zavala 0-0: Grounds into double play, 5-4-3 (Groundball, 56)
Top of the 2nd over - 1 run, 1 hit, 1 error, 2 left on base; Savannah 4 - Detroit 0
BOTTOM OF THE 2ND
Detroit Dirty Snow batting - Pitching for Savannah Hogs : LHP Tomás Prieto
Batting: RHB Carlos Rocha 0-0: Ball
1-0: Called Strike
1-1: Foul Ball, location: 2F
1-2: Ball
2-2: Strikes out swinging
Batting: SHB Víctor Torres 0-0: Ball
1-0: SINGLE (Groundball, 56D)
Batting: RHB António Aguilera 0-0: Ball
1-0: Ball
2-0: Foul Ball, location: 2F
2-1: Fly out, F9 (Flyball, 9LSF)
Batting: LHB Lee Jenkins 0-0: Ball
1-0: Ball
2-0: Foul Ball, location: 2F
2-1: Called Strike
2-2: Strikes out swinging
Bottom of the 2nd over - 0 runs, 1 hit, 0 errors, 1 left on base; Savannah 4 - Detroit 0
TOP OF THE 3RD
Savannah Hogs batting - Pitching for Detroit Dirty Snow : RHP Ánibal Medina
Batting: RHB Jorge Chávez 0-0: Called Strike
0-1: Ball
1-1: Ball
2-1: Foul Ball, location: 2F
2-2: Ground out 4-3 (Groundball, 4)
Batting: LHB António Gutiérrez 0-0: Ball
1-0: Foul Ball, location: 2F
1-1: Ball
2-1: Fly out, F7 (Flyball, 7)
Batting: RHB Rick Holman 0-0: Ball
1-0: Ball
2-0: Called Strike
2-1: Called Strike
2-2: Ball
3-2: Base on Balls
Batting: SHB Juan Chávez 0-0: Called Strike
Rick Holman steals 2nd base
0-1: Ball
1-1: Ball
2-1: Ball
3-1: Base on Balls
Batting: RHB José Ramos 0-0: Called Strike
0-1: Ball
1-1: Ball
2-1: Ball
3-1: Foul Ball, location: 2F
3-2: Base on Balls
Rick Holman to third
Juan Chávez to second
Batting: RHB Ramón Gómez 0-0: Ball
1-0: SINGLE (Groundball, 23) (infield hit)
Rick Holman scores
Juan Chávez to third
José Ramos to second
Batting: RHB Guillermo González 0-0: Called Strike
0-1: Ball
1-1: Fielders Choice at 2nd, 6-4 (Groundball, 6)
Top of the 3rd over - 1 run, 1 hit, 0 errors, 3 left on base; Savannah 5 - Detroit 0
BOTTOM OF THE 3RD
Detroit Dirty Snow batting - Pitching for Savannah Hogs : LHP Tomás Prieto
Batting: RHB Paul Liddle 0-0: Ball
1-0: Called Strike
1-1: SINGLE (Groundball, 23) (infield hit)
Batting: RHB Kelsey Scott 0-0: Ball
1-0: Swinging Strike
1-1: Swinging Strike
1-2: Strikes out swinging
Batting: LHB Francisco Medina 0-0: Foul Ball, location: 2F
0-1: Ball
1-1: Fly out, F7 (Flyball, 7LM)
Batting: RHB Guo-liang Lian 0-0: Called Strike
0-1: Ball
1-1: Ball
2-1: Fly out, F8 (Line Drive, 8LD)
Bottom of the 3rd over - 0 runs, 1 hit, 0 errors, 1 left on base; Savannah 5 - Detroit 0
TOP OF THE 4TH
Savannah Hogs batting - Pitching for Detroit Dirty Snow : RHP Ánibal Medina
Batting: LHB Alberto Castellanos 0-0: Called Strike
0-1: Swinging Strike
0-2: Foul Ball, location: 2F
0-2: Strikes out swinging
Batting: RHB Pedro Zavala 0-0: Ball
1-0: Ball
2-0: Fly out, F4 (Popup, 3DF)
Batting: RHB Jorge Chávez 0-0: Ball
1-0: Called Strike
1-1: SINGLE (Popup, 4D)
Batting: LHB António Gutiérrez 0-0: Foul Ball, location: 2F
0-1: Ground out 4-3 (Groundball, 34)
Top of the 4th over - 0 runs, 1 hit, 0 errors, 1 left on base; Savannah 5 - Detroit 0
BOTTOM OF THE 4TH
Detroit Dirty Snow batting - Pitching for Savannah Hogs : LHP Tomás Prieto
Batting: LHB Luis Salazar 0-0: Ball
1-0: Ball
2-0: Called Strike
2-1: Foul Ball, location: 2F
2-2: Strikes out swinging
Batting: RHB Carlos Rocha 0-0: Ball
1-0: Ball
2-0: Swinging Strike
2-1: Foul Ball, location: 2F
2-2: Foul Ball, location: 2F
2-2: Ball
3-2: Foul Ball, location: 2F
3-2: Base on Balls
Batting: SHB Víctor Torres 0-0: Called Strike
0-1: Foul Ball, location: 2F
0-2: Ball
1-2: Ball
2-2: Foul Ball, location: 2F
2-2: Ball
3-2: Foul Ball, location: 2F
3-2: Strikes out looking
Carlos Rocha is caught stealing 2nd base
Batter strikes out.
Bottom of the 4th over - 0 runs, 0 hits, 0 errors, 0 left on base; Savannah 5 - Detroit 0
TOP OF THE 5TH
Savannah Hogs batting - Pitching for Detroit Dirty Snow : RHP Ánibal Medina
Batting: RHB Rick Holman 0-0: Ball
1-0: Fly out, F9 (Flyball, 9S)
Pitching: LHP Sancho Espinoza
Batting: SHB Juan Chávez 0-0: Foul Ball, location: 2F
0-1: Swinging Strike
0-2: Strikes out swinging
Batting: RHB José Ramos 0-0: Ball
1-0: Foul Ball, location: 2F
1-1: SINGLE (Flyball, 7S)
Batting: RHB Ramón Gómez 0-0: Swinging Strike
0-1: Ground out 4-3 (Groundball, 34)
Top of the 5th over - 0 runs, 1 hit, 0 errors, 1 left on base; Savannah 5 - Detroit 0
BOTTOM OF THE 5TH
Detroit Dirty Snow batting - Pitching for Savannah Hogs : LHP Tomás Prieto
Batting: RHB António Aguilera 0-0: Called Strike
0-1: Fly out, F3 (Line Drive, 3)
Batting: LHB Lee Jenkins 0-0: Called Strike
0-1: Ground out 5-3 (Groundball, 5L)
Batting: RHB Paul Liddle 0-0: Ball
1-0: Foul Ball, location: 2F
1-1: SOLO HOME RUN (Flyball, 7D), Distance : 377 ft
Batting: RHB Kelsey Scott 0-0: Ball
1-0: Ball
2-0: Swinging Strike
2-1: Ball
3-1: Foul Ball, location: 2F
3-2: Base on Balls
Batting: LHB Francisco Medina 0-0: Ball
1-0: Ball
2-0: Ball
3-0: Base on Balls
Kelsey Scott to second
Batting: RHB Guo-liang Lian 0-0: Fly out, F8 (Flyball, 8LS)
Bottom of the 5th over - 1 run, 1 hit, 0 errors, 2 left on base; Savannah 5 - Detroit 1
TOP OF THE 6TH
Savannah Hogs batting - Pitching for Detroit Dirty Snow : LHP Sancho Espinoza
Batting: RHB Guillermo González 0-0: Ball
1-0: Ball
2-0: Ball
3-0: Called Strike
3-1: Called Strike
3-2: Base on Balls
Batting: LHB Alberto Castellanos 0-0: Ball
Guillermo González is caught stealing 2nd base
1-0: Fly out, F3 (Popup, 3SF)
Batting: RHB Pedro Zavala 0-0: Foul Ball, location: 2F
0-1: Called Strike
0-2: Ball
1-2: Ball
2-2: Ball
3-2: DOUBLE (Line Drive, 78XD)
Batting: RHB Jorge Chávez 0-0: Ball
1-0: Ball
2-0: Swinging Strike
2-1: Swinging Strike
2-2: Foul Ball, location: 2F
2-2: Foul Ball, location: 2F
2-2: Foul Ball, location: 2F
2-2: Strikes out swinging
Top of the 6th over - 0 runs, 1 hit, 0 errors, 1 left on base; Savannah 5 - Detroit 1
BOTTOM OF THE 6TH
Detroit Dirty Snow batting - Pitching for Savannah Hogs : LHP Tomás Prieto
Batting: LHB Luis Salazar 0-0: Ball
1-0: Called Strike
1-1: Ball
2-1: Foul Ball, location: 2F
2-2: Foul Ball, location: 2F
2-2: Ball
3-2: SINGLE (Line Drive, 3D)
Batting: RHB Carlos Rocha 0-0: Ball
1-0: Ball
2-0: Ball
3-0: Called Strike
3-1: Base on Balls
Luis Salazar to second
Pitching: LHP Ricardo Rosário
Batting: SHB Víctor Torres 0-0: Ball
1-0: Ball
2-0: Called Strike
2-1: SINGLE (Groundball, 6MD)
Luis Salazar to third
Carlos Rocha to second
Runner from 3rd tries for Home, SAFE, no throw
Batting: RHB António Aguilera 0-0: Called Strike
0-1: Reached on error, E5 (Groundball, 56)
Carlos Rocha to third
Víctor Torres to second
Batting: LHB Lee Jenkins 0-0: Ball
1-0: Called Strike
1-1: Ball
2-1: GRAND SLAM HOME RUN (Flyball, 9LD), Distance : 354 ft
Pitching: RHP William Gallegos
Batting: RHB Paul Liddle 0-0: Ball
1-0: Called Strike
1-1: Ground out 5-3 (Groundball, 5L)
Batting: RHB Kelsey Scott 0-0: Ball
1-0: Swinging Strike
1-1: Called Strike
1-2: Ball
2-2: Ground out 4-3 (Groundball, 4)
Batting: LHB Francisco Medina 0-0: Ball
1-0: Called Strike
1-1: Ball
2-1: Swinging Strike
2-2: Strikes out swinging
Bottom of the 6th over - 5 runs, 3 hits, 1 error, 0 left on base; Savannah 5 - Detroit 6
TOP OF THE 7TH
Savannah Hogs batting - Pitching for Detroit Dirty Snow : LHP Sancho Espinoza
Batting: LHB António Gutiérrez 0-0: Swinging Strike
0-1: Ball
1-1: Called Strike
1-2: SINGLE (Line Drive, 89S)
Batting: RHB Rick Holman 0-0: Ball
1-0: Sac Bunt - play at first, batter OUT! 5-4
António Gutiérrez to second
Batting: SHB Juan Chávez 0-0: Ground out 6-3 (Groundball, 56)
Batting: RHB José Ramos 0-0: Called Strike
0-1: Ball
1-1: Ball
2-1: Called Strike
2-2: Ground out 6-3 (Groundball, 6S)
Top of the 7th over - 0 runs, 1 hit, 0 errors, 1 left on base; Savannah 5 - Detroit 6
BOTTOM OF THE 7TH
Detroit Dirty Snow batting - Pitching for Savannah Hogs : RHP William Gallegos
Batting: RHB Guo-liang Lian 0-0: Ground out 6-3 (Groundball, 6)
Pitching: LHP Manuel Guel
Batting: LHB Luis Salazar 0-0: Called Strike
0-1: Called Strike
0-2: Ball
1-2: Strikes out swinging
Pitching: RHP Cristiano Cipolloni
Batting: RHB Carlos Rocha 0-0: Called Strike
0-1: Ground out 4-3 (Groundball, 4MD)
Bottom of the 7th over - 0 runs, 0 hits, 0 errors, 0 left on base; Savannah 5 - Detroit 6
TOP OF THE 8TH
Savannah Hogs batting - Pitching for Detroit Dirty Snow : LHP Sancho Espinoza
Batting: RHB Ramón Gómez 0-0: Ball
1-0: Ball
2-0: SINGLE (Groundball, 4MD)
Pitching: RHP Mark Messier
Batting: RHB Guillermo González 0-0: Foul Ball, location: 2F
0-1: Fly out, F4 (Popup, 3DF)
Batting: LHB Alberto Castellanos 0-0: Ball
1-0: Swinging Strike
1-1: Called Strike
1-2: Strikes out swinging
Batting: RHB Pedro Zavala 0-0: Ball
1-0: SINGLE (Flyball, 7LS)
Ramón Gómez to second
Pinch Hitting: SHB Ramón Minas 0-0: Ball
1-0: SINGLE (Line Drive, 8LS)
Ramón Gómez to third
Pedro Zavala to second
Runner from 3rd tries for Home, SAFE, no throw
Batting: LHB António Gutiérrez 0-0: Ball
1-0: Foul Ball, location: 2F
1-1: Called Strike
1-2: Foul Ball, location: 2F
1-2: Foul Ball, location: 2F
1-2: Foul Ball, location: 2F
1-2: Foul Ball, location: 2F
1-2: Fly out, F9 (Flyball, 89S)
Top of the 8th over - 1 run, 3 hits, 0 errors, 2 left on base; Savannah 6 - Detroit 6
BOTTOM OF THE 8TH
Detroit Dirty Snow batting - Pitching for Savannah Hogs : RHP Cristiano Cipolloni
Now in LF: Ramón Minas
Batting: SHB Víctor Torres 0-0: Fly out, F9 (Line Drive, 9)
Batting: RHB António Aguilera 0-0: Called Strike
0-1: Swinging Strike
0-2: Strikes out swinging
Batting: LHB Lee Jenkins 0-0: Ball
1-0: Called Strike
1-1: Ball
2-1: Foul Ball, location: 2F
2-2: Ball
3-2: Strikes out swinging
Bottom of the 8th over - 0 runs, 0 hits, 0 errors, 0 left on base; Savannah 6 - Detroit 6
TOP OF THE 9TH
Savannah Hogs batting - Pitching for Detroit Dirty Snow : RHP Mark Messier
Batting: RHB Rick Holman 0-0: Called Strike
0-1: Ball
1-1: Ball
2-1: Called Strike
2-2: Strikes out looking
Batting: SHB Juan Chávez 0-0: Called Strike
0-1: Foul Ball, location: 2F
0-2: Ball
1-2: DOUBLE (Flyball, 89D)
Batting: RHB José Ramos 0-0: Intentional Walk
Batting: RHB Ramón Gómez 0-0: Ball
1-0: Called Strike
1-1: SINGLE (Line Drive, 4M)
Juan Chávez to third
José Ramos to second
Runner from 3rd tries for Home, SAFE, no throw
Batting: RHB Guillermo González 0-0: Ball
1-0: Called Strike
1-1: Foul Ball, location: 2F
1-2: Foul Ball, location: 2F
1-2: Ball
2-2: Foul Ball, location: 2F
2-2: Foul Ball, location: 2F
2-2: SINGLE (Groundball, 34D)
José Ramos to third
Ramón Gómez to second
Runner from 3rd tries for Home, throw and OUT!
Ramón Gómez to third
Guillermo González to second
Pitching: RHP Luis Reyes
Batting: LHB Alberto Castellanos 0-0: Called Strike
0-1: Ball
1-1: Ball
2-1: Ball
3-1: Swinging Strike
3-2: Strikes out swinging
Top of the 9th over - 1 run, 3 hits, 0 errors, 2 left on base; Savannah 7 - Detroit 6
BOTTOM OF THE 9TH
Detroit Dirty Snow batting - Pitching for Savannah Hogs : RHP Cristiano Cipolloni
Now at 1B: Juan Morales
Batting: RHB Paul Liddle 0-0: Called Strike
0-1: Ball
1-1: Ground out 6-3 (Groundball, 56)
Batting: RHB Kelsey Scott 0-0: Called Strike
0-1: Fly out, F1 (Line Drive, 13)
Batting: LHB Francisco Medina 0-0: Fly out, F9 (Flyball, 9)
Bottom of the 9th over - 0 runs, 0 hits, 0 errors, 0 left on base; Savannah 7 - Detroit 6
Saturday, December 16th, 2017 - OOTP Baseball 18.8 Build 76